 Dungeon Crawl Stone Soup version bcrawl-1.36.5b (webtiles) character file.

Game seed: 7980893226716357051

155334 CuBeRJAN3 the Sneak (level 8, -1/41 HPs)
             Began as a Gargoyle Fire Elementalist on Aug 22, 2022.
             Slain by a bullfrog (6 damage)
             ... on level 5 of the Dungeon.
             The game lasted 00:31:03 (6582 turns).

CuBeRJAN3 the Sneak (Gargoyle Fire Elementalist)    Turns: 6582, Time: 00:31:03

Health: -1/41      AC: 11    Str: 12    XL:     8   Next: 2%
Magic:  7/14       EV: 13    Int: 17    God:
Gold:   340        SH:  0    Dex: 11    Spells: 4/15 levels left

rFire    . . .     GDR:     33% q - +0 short sword
rCold    . . .     SeeInvis .   (no shield)
rNeg     + . .     Gourm    .   h - +2 robe {RegenMP}
rPois    ∞         Faith    +   u - +2 hat
rElec    +         Spirit   .   (no cloak)
rCorr    .         Reflect  .   (no gloves)
MR       .....                  (no boots)
Stlth    +++.......             j - amulet of faith
HPRegen  0.13/turn              (no ring)
MPRegen  0.28/turn              (no ring)

@: very slightly contaminated
A: negative energy resistance 1, electricity resistance, unbreathing,
petrification resistance, rot immunity, AC +5
a: no special abilities


You were on level 5 of the Dungeon.
You were hungry.

You visited 1 branch of the dungeon, and saw 5 of its levels.

You collected 340 gold pieces.

Inventory:

Hand Weapons
 q - a +0 short sword (weapon)
Missiles
 d - 1471 stones (quivered)
Armour
 a - a +0 robe
 h - a +2 robe of magic recovery (worn)
 u - a +2 hat (worn)
Jewellery
 b - a cursed ring of fire
 j - an amulet of faith (around neck)
Wands
 c - a wand of flame (4)
Scrolls
 m - a scroll of remove curse {unknown}
 n - a scroll of enchant weapon {unknown}
 o - a scroll of fog {unknown}
 r - a scroll of teleportation {unknown}
Potions
 g - a potion of brilliance {unknown}
 k - a potion of degeneration {unknown}
 l - 2 potions of mutation {unknown}
 p - a potion of flight {unknown}
 s - a potion of magic {unknown}
 t - a potion of haste {unknown}
 w - 2 potions of curing {unknown}
Comestibles
 e - 7 rations {!d}


   Skills:
 + Level 3.5 Dodging
 + Level 5.1 Stealth
 + Level 4.0 Spellcasting
 + Level 4.3 Conjurations
 + Level 4.9 Fire Magic


You had 4 spell levels left.
You knew the following spells:

 Your Spells              Type           Power        Failure   Level  Hunger
a - Flame Tongue          Conj/Fire      ###..        2%          1    None
b - Conjure Flame         Conj/Fire      ###.....     7%          3    ###....
c - Inner Flame           Hex/Fire       N/A          17%         3    ###....
d - Sticky Flame          Conj/Fire      ###.....     24%         4    #####..

Your spell library contained the following spells:

 Spells                   Type           Power        Failure   Level  Hunger
 Flaming Arrows           Chrm/Fire      ##......     9%          2    None
 Fireball                 Conj/Fire      ###.......   54%         5    ######.


Dungeon Overview and Level Annotations

Branches:
Dungeon (5/12)
 Temple: D:4-7

Altars:
Ashenzari
Cheibriados
Dithmenos
Fedhas
Ru
Trog
Wu Jian
Xom
Zin
The Shining One

Annotations:
D:4 Sigmund
D:5 Edmund


Innate Abilities, Weirdness & Mutations

You are resistant to torment.
Your stone body is resilient. (AC +5)
You are immune to poison.
You resist negative energy. (rN+)
You are resistant to electric shocks. (rElec)
You can survive without breathing.
You are immune to petrification.
You are immune to rotting.


Message History

Confirm with . or Enter, or press ? or * to list all spells.
Aiming: Flame Tongue (safe; 2% risk of failure)
Press: ? - help, Shift-Dir - straight line, f/p - bullfrog
Aim: a bullfrog (lightly wounded)
The flame tongue hits the bullfrog.
The bullfrog is moderately wounded.
The bullfrog hits you but does no damage.
The centaur hits you. The bullfrog hits you!
* * * LOW HITPOINT WARNING * * *
Okay, then.
The bullfrog hits you.
* * * LOW HITPOINT WARNING * * *
The centaur wields a +0 shortbow.
The centaur shoots an arrow.
The arrow barely misses you.
The centaur shoots an arrow.
The arrow closely misses you.
The bullfrog hits you but does no damage.
The centaur shoots an arrow.
The arrow misses you.
There is a stone staircase leading up here.
The bullfrog hits you.
You die...

#....###..###...#
#...## #..# ..# #..##
##..## #.# .
#..####....####.# @
#...##..##..##..#####.
#....................#
#.###..............#..
#.######...........+..
#....@##...........#..
##...F.............#..
#.................#..
#......c..........#..
#...###...####...####
#######...########
#........# #........#
#........#


You could see a bullfrog and a centaur.

Vanquished Creatures
  Duvessa (D:4)
  An ogre (D:3)
  Dowan (D:4)
  3 scorpions
  An orc priest (D:4)
  A bullfrog zombie (D:4)
  2 hounds
  A bullfrog skeleton (D:4)
  An iguana (D:3)
  2 worker ants (D:3)
  A hound skeleton (D:4)
  4 gnolls
  7 adders
  3 shadow imps
  4 worms
  4 dart slugs
  3 leopard geckos
  4 orcs
  4 bats
  4 giant cockroaches
  4 goblins
  8 hobgoblins
  14 jackals
  10 kobolds
  3 quokkas
  4 frilled lizards
  A quokka skeleton (D:4)
  6 rats
102 creatures vanquished.

Notes
Turn   | Place    | Note
-------+----------+-------------------------------------------
     0 | D:1      | CuBeRJAN3 the Gargoyle Fire Elementalist began the quest
                  | for the Orb.
     0 | D:1      | Reached XP level 1. HP: 10/10 MP: 3/3
   345 | D:1      | Reached XP level 2. HP: 15/15 MP: 3/5
   826 | D:1      | Reached XP level 3. HP: 19/19 MP: 2/6
  1529 | D:2      | Found a shadowy altar of Dithmenos.
  1529 | D:2      | Found a transporter.
  1557 | D:2      | Reached skill level 3 in Stealth
  1566 | D:2      | Found a transporter.
  1743 | D:2      | Reached XP level 4. HP: 24/24 MP: 3/7
  1844 | D:2      | Found a blossoming altar of Fedhas.
  1845 | D:2      | Found a shattered altar of Ashenzari.
  1845 | D:2      | Found a glowing silver altar of Zin.
  1857 | D:2      | Found an ornate altar of the Wu Jian Council.
  2123 | D:2      | Found a blossoming altar of Fedhas.
  2513 | D:2      | Found a shimmering altar of Xom.
  2513 | D:2      | Found a sacrificial altar of Ru.
  2578 | D:2      | Found a bloodstained altar of Trog.
  2755 | D:3      | Found a glowing golden altar of the Shining One.
  2855 | D:3      | Reached XP level 5. HP: 28/28 MP: 4/9
  3055 | D:3      | Learned a level 3 spell: Conjure Flame
  3059 | D:3      | Learned a level 3 spell: Inner Flame
  3744 | D:3      | Found a snail-covered altar of Cheibriados.
  4037 | D:2      | Reached XP level 6. HP: 31/32 MP: 6/10
  4148 | D:3      | Reached skill level 4 in Stealth
  4545 | D:4      | Noticed Sigmund
  5232 | D:3      | Learned a level 4 spell: Sticky Flame
  5399 | D:4      | Reached XP level 7. HP: 23/36 MP: 6/12
  5791 | D:5      | Entered Level 5 of the Dungeon
  5927 | D:5      | Noticed Edmund
  6079 | D:4      | Noticed Duvessa
  6079 | D:4      | Noticed Dowan
  6212 | D:4      | Killed Duvessa
  6213 | D:4      | Reached skill level 5 in Stealth
  6501 | D:4      | Killed Dowan
  6502 | D:4      | Reached XP level 8. HP: 41/41 MP: 5/14
  6582 | D:5      | Slain by a bullfrog

Skill      XL: |  1  2  3  4  5  6  7 |
---------------+----------------------+-----
Stealth        | 3 4 5 |  5.1
Dodging        | 2 3 |  3.5
Conjurations   | 2 3 4 |  4.3
Spellcasting   | 3 4 |  4.0
Fire Magic     | 4 |  4.9

Action                   |  1- 3 |  4- 6 |  7- 9 || total
-------------------------+-------+-------+-------++-------
Melee: Unarmed           |     7 |       |       ||     7
       Short sword       |       |    29 |     4 ||    33
 Cast: Flame Tongue      |    59 |   167 |    55 ||   281
       Conjure Flame     |       |    10 |       ||    10
       Sticky Flame      |       |       |     4 ||     4
  Use: Scroll            |     1 |     1 |     5 ||     7
       Potion            |       |     1 |       ||     1
  Eat: Chunk             |     4 |    13 |     4 ||    21
       Ration            |       |     1 |     1 ||     2
Armor: Robe              |     7 |    44 |    27 ||    78
Dodge: Dodged            |    20 |   103 |    69 ||   192
